 Dungeon Crawl Stone Soup version 0.30-a0-365-ge7f957f1db (webtiles) character file.

Game seed: 18420158521562234225

19 holysushi the Slasher (level 2, -10/20 (21) HPs)
             Began as an Octopode Monk on Nov 16, 2022.
             Mangled by Terence
             ... wielding the +7 Throatcutter {drain, coup de grace}
              (12 damage)
             ... on level 2 of the Dungeon.
             The game lasted 00:00:38 (1075 turns).

holysushi the Slasher (Octopode Monk)               Turns: 1075, Time: 00:00:38

HP:   -10/20 (21)   AC:  1    Str: 10    XL:     2   Next: 75%
MP:   2/2           EV: 14    Int: 12    God:
Gold: 46            SH:  0    Dex: 14    Spells: 1/1 levels left

rFire   . . .      SeeInvis .    a - +0 falchion
rCold   . . .      Faith    .    (no shield)
rNeg    . . .      Spirit   .    (helmet restricted)
rPois   .          Reflect  .    e - amulet of the acrobat
rElec   .          Harm     .    (no ring)
rCorr   .          Rampage  .    (no ring)
Will    .....                    (no ring)
Stlth   +++.......               (no ring)
HPRegen 0.23/turn                (no ring)
MPRegen 0.08/turn                (no ring)
                                 (no ring)
                                 (no ring)

@: hasted, lightly drained, very quick
A: almost no armour, amphibious, 8 rings, camouflage 1, gelatinous body 1,
(nimble swimmer 1), tentacles
a: no special abilities


You were on level 2 of the Dungeon.
You visited 1 branch of the dungeon, and saw 2 of its levels.

You collected 46 gold pieces.

Inventory:

Hand Weapons
 a - a +0 falchion (weapon)
Jewellery
 d - a ring of flight
 e - an amulet of the acrobat (around mantle)
Wands
 m - a wand of iceblast (10)
Scrolls
 g - a scroll of magic mapping {unknown}
 h - 2 scrolls of identify {unknown}
 l - a scroll of torment {unknown}
Potions
 b - a potion of ambrosia
 f - a potion of berserk rage {unknown}
 i - 2 potions of curing {unknown}
 j - a potion of attraction {unknown}
 k - a potion of degeneration {unknown}


   Skills:
 - Level 3.0 Fighting
 + Level 3.9 Long Blades
 - Level 3.0 Dodging
 - Level 2.6 Stealth


You had one spell level left.
You didn't know any spells.
Your spell library was empty.

Dungeon Overview and Level Annotations

Branches:
Dungeon (2/15) Zot: 10922

Altars:

Annotations:
D:2 Terence


Innate Abilities, Weirdness & Mutations

You cannot wear most types of armour.
You are amphibious.
You can wear up to eight rings at the same time.
Your skin changes colour to match your surroundings (Stealth+).
Your rubbery body absorbs attacks. (AC +1, EV +1)
((You are camouflaged when in or above water. (Stealth+)))
You have tentacles for arms and can constrict up to eight enemies at once.


Message History

Found a ring mail.
Found a stone staircase leading down.
No target in view!
You now have 46 gold pieces (gained 4).
Found a stone staircase leading up.
No target in view!
You see here a +0 ring mail.
A bat comes into view.
A bat is nearby!
A bat is nearby!
A bat is nearby!
m - a wand of iceblast (10) No target in view!
A hobgoblin comes into view.
Found 12 gold pieces.
Found 13 gold pieces.
The hobgoblin shouts!
You hear a shout!
A hobgoblin comes into view.
You hit the hobgoblin but do no damage. You grab the hobgoblin.
You constrict the hobgoblin. The hobgoblin hits you.
You hit the hobgoblin.
You kill the hobgoblin!
You barely miss the hobgoblin. Your grab misses the hobgoblin.
The hobgoblin hits you.
You hit the hobgoblin. You grab the hobgoblin. You squeeze the hobgoblin.
You kill the hobgoblin!
Terence the Incautious comes into view.
He is wielding the +7 Throatcutter {drain, coup de grace}.
A hobgoblin comes into view.
Found a stone staircase leading up.
You see here a hobgoblin corpse.
Found 8 gold pieces.
You see here 12 gold pieces.
Terence shouts!
Terence hits you with the +7 Throatcutter {drain, coup de grace}!
* * * LOW HITPOINT WARNING * * *
You feel drained.
* * * LOW HITPOINT WARNING * * *
It was a potion of haste.
You feel yourself speed up.
Terence hits you with the +7 Throatcutter {drain, coup de grace}!
Ouch! That really hurt!
You die...

##### #############
...< #............
#.#.#####.###########
#.#........# #
#..........### ####
..###.#..†....$...
..##
........$........#
#.##
.####.@......##.#
#.## #@g#..#### .#
#.## #..#..# # #.##
#..#..# #.####.##
#..#..# #........
....... ######.##
.#..#..$# #.## #..#
#... ####


You could see Terence and a hobgoblin.

Vanquished Creatures
  A bat (D:1)
  An endoplasm (D:2)
  3 goblins (D:1)
  3 hobgoblins
  4 kobolds (D:1)
  2 quokkas (D:1)
  A ball python (D:2)
  A frilled lizard (D:1)
16 creatures vanquished.

Notes
Turn   | Place    | Note
-------+----------+-------------------------------------------
     0 | D:1      | holysushi the Octopode Monk began the quest for the Orb.
     0 | D:1      | Reached XP level 1. HP: 16/16 MP: 1/1
     0 | D:1      | Noticed a spriggan
     1 | D:1      | Noticed a spriggan
     1 | D:1      | Noticed a troll
     3 | D:1      | Noticed a merfolk
     6 | D:1      | Noticed an octopode
     7 | D:1      | Noticed a draconian
    10 | D:1      | Noticed a demigod
    14 | D:1      | Noticed a dwarf
    14 | D:1      | Noticed a naga
    16 | D:1      | Noticed a felid
    18 | D:1      | Noticed a ghoul
   359 | D:1      | Reached XP level 2. HP: 6/21 MP: 2/2
   489 | D:1      | Found a faded altar of an unknown god.
  1071 | D:2      | Noticed Terence
  1075 | D:2      | Mangled by Terence

Illustrated notes

Levels and vault maps discovered:
D:1:      shiori_arrival_whats_in_store_for_you, layout_basic,
          hellmonk_ecumenical_altar_heavens_door, st_stairs_6
D:2:      layout_loops_ring, uniq_terence

Action                   || total
-------------------------++-------
Melee: Falchion          ||    23
       Constrict         ||     7
       Tentacles         ||     2
       Punch             ||     1
  Use: Potion            ||     1
 Stab: Sleeping          ||     7
Dodge: Dodged            ||    16

Table legend: (Time is in decaauts)
 A = Elapsed time spent in this place.
 B = Non-inter-level travel time spent in this place.
 C = Inter-level travel time spent in this place.
 D = Time resting spent in this place.
 E = Time spent auto-exploring this place.
 F = Levels seen in this place.
 G = Mean time per level.
                   A        B        C        D        E       F      G
               +--------+--------+--------+--------+--------+-----+--------+
         Total |   1076 |   1021 |     55 |     63 |    817 |   2 |  538.0 |
       Dungeon |   1076 |   1021 |     55 |     63 |    817 |   2 |  538.0 |
               +--------+--------+--------+--------+--------+-----+--------+

Top non-repeatable levels by time:
     D:1: 928 daAuts
     D:2: 148 daAuts
